 Dungeon Crawl Stone Soup version 0.29.1-1-gd02db6906a (console) character file.

Game seed: 16564239108492724008

4 sentinel the Digger (level 2, 9/20 HPs)
             Began as a Meteoran Earth Elementalist on Oct 2, 2022.
             Quit the game on level 1 of the Dungeon.
             The game lasted 00:00:04 (86 turns).

sentinel the Digger (Meteoran Earth Elementalist)     Turns: 86, Time: 00:00:05

Health: 9/20       AC:  2    Str:  9    XL:     2   Next: 0%
Magic:  2/6        EV: 12    Int: 16    God:
Gold:   0          SH:  0    Dex: 14    Spells: 5/6 levels left

rFire   . . .      SeeInvis .   (no weapon)
rCold   . . .      Faith    .   (no shield)
rNeg    . . .      Spirit   .   a - +0 robe
rPois   .          Reflect  .   (no helmet)
rElec   .          Harm     .   (no cloak)
rCorr   .          Rampage  .   (no gloves)
Will    .....                   (no boots)
Stlth   +.........              (no amulet)
HPRegen 0.06/turn               (no ring)
MPRegen 0.10/turn               (no ring)

@: glowing
A: sense surroundings 1, otherworldly, glowing, explore regen
a: no special abilities


You were on level 1 of the Dungeon.
You visited 1 branch of the dungeon, and saw 1 of its levels.

Inventory:

Armour
 a - a +0 robe (worn)
Scrolls
 d - a scroll of identify {unknown}
Potions
 b - a potion of magic
 c - a potion of flight {unknown}


   Skills:
 - Level 2.4 Dodging
 - Level 1.4 Stealth
 - Level 2.6 Spellcasting
 - Level 1.2 Transmutations
 + Level 4.1 Earth Magic


You had 5 spell levels left.
You knew the following spells:

 Your Spells              Type           Power      Damage    Failure   Level
a - Sandblast             Erth           30%        2d9       3%          1

Your spell library contained the following spells:

 Spells                   Type           Power      Damage    Failure   Level
 Passwall                 Tmut/Erth      8%         N/A       10%         2
 Stone Arrow              Conj/Erth      16%        3d8       26%         3
 Petrify                  Tmut/Erth      10%        N/A       54%         4


Dungeon Overview and Level Annotations

Branches:
Dungeon (1/15) Zot: 510

Altars:


Innate Abilities, Weirdness & Mutations

You passively map a small area around you.
You are easily found by Zot.
You glow in the dark.
You regain HP and MP as you explore.


Message History

You can't see any susceptible monsters within range! (Use Z to cast anyway.) Unknown command.
You can't see any susceptible monsters within range! (Use Z to cast anyway.) Unknown command.
You can't see any susceptible monsters within range! (Use Z to cast anyway.) Unknown command.
No target in view!
No target in view!
You can't see any susceptible monsters within range! (Use Z to cast anyway.) Unknown command.
You can't see any susceptible monsters within range! (Use Z to cast anyway.) Unknown command.
You can't see any susceptible monsters within range! (Use Z to cast anyway.) Unknown command.
You can't see any susceptible monsters within range! (Use Z to cast anyway.) Unknown command.
No target in view!
No target in view!
You can't see any susceptible monsters within range! (Use Z to cast anyway.) Unknown command.
You can't see any susceptible monsters within range! (Use Z to cast anyway.) Unknown command.
You can't see any susceptible monsters within range! (Use Z to cast anyway.) Unknown command.
You can't see any susceptible monsters within range! (Use Z to cast anyway.) Unknown command.
Found 12 gold pieces.
Unknown command.
Found 9 stones.
Things that are here:
a +0 dagger; 4 stones; a kobold corpse Unknown command.
c - an emerald potion Unknown command.
Magic restored.
You see here 9 stones.
You open the door.
A ball python and a bat come into view.
The ball python hisses angrily.
The bat hits you but does no damage.
Found a scroll labelled XUJYEG PIAK.
Unknown command.
But you're not safe!
Unknown command.
You closely miss the bat. The bat closely misses you.
The blast of sand hits the ball python.
You kill the ball python!
The bat barely misses you.
The blast of sand hits the bat!
You kill the bat!
Unknown command.
You can't see any susceptible monsters within range! (Use Z to cast anyway.) Unknown command.
You can't see any susceptible monsters within range! (Use Z to cast anyway.) Unknown command.
You can't see any susceptible monsters within range! (Use Z to cast anyway.) Unknown command.
No target in view!
No target in view!
You can't see any susceptible monsters within range! (Use Z to cast anyway.) Unknown command.
You can't see any susceptible monsters within range! (Use Z to cast anyway.) Unknown command.
You can't see any susceptible monsters within range! (Use Z to cast anyway.) Unknown command.
You can't see any susceptible monsters within range! (Use Z to cast anyway.) Unknown command.
No target in view!
No target in view!
You can't see any susceptible monsters within range! (Use Z to cast anyway.) Unknown command.
You can't see any susceptible monsters within range! (Use Z to cast anyway.) Unknown command.
You can't see any susceptible monsters within range! (Use Z to cast anyway.) Unknown command.
You can't see any susceptible monsters within range! (Use Z to cast anyway.) Unknown command.
There is an open door here.
You see here a bat corpse.
A quokka comes into view.
You see here a scroll labelled XUJYEG PIAK.
Unknown command.
But you're not safe!
Unknown command.
But you're not safe!
Unknown command.
But you're not safe!
Unknown command.
But you're not safe!
Unknown command.
A rat comes into view.
Found a leather armour.
The blast of sand hits the quokka but does no damage.
The blast of sand hits the quokka.
The quokka is almost dead.
The quokka bites you.
Unknown command.
The blast of sand misses the quokka.
The quokka bites you. The quokka misses you.
Unknown command.
The blast of sand misses the quokka.
The quokka barely misses you. The rat bites you but does no damage.
The quokka bites you.
Unknown command.
The blast of sand hits the quokka.
You kill the quokka!
The rat barely misses you. The rat bites you.
Your Earth Magic skill increases to level 4!
Unknown command.
You hit the rat.
The rat is moderately wounded.
The rat bites you.
You hit the rat but do no damage.
The rat is moderately wounded.
The rat barely misses you.
You are out of magic!
Unknown command.
You are out of magic!
Unknown command.
You are out of magic!
Unknown command.
You are out of magic!
Unknown command.
You hit the rat but do no damage.
The rat is moderately wounded.
The rat bites you but does no damage.
You hit the rat.
You kill the rat!
You have reached level 2!
You are out of magic!
Unknown command.
You are out of magic!
Unknown command.
You are out of magic!
Unknown command.
d - a scroll labelled XUJYEG PIAK Unknown command.
A ball python comes into view.
Found a scroll labelled LESOSA NEAPT.
Unknown command.
But you're not safe!
Unknown command.
But you're not safe!
Unknown command.
But you're not safe!
Unknown command.
Unknown command.
Unknown command.
Unknown command.
Unknown command.
Are you sure you want to abandon this character and quit the game? (Confirm with "yes".)

, , * * , * ..... , * *
#....#* * *
#####+####....# , ,,* ,
.........#....# #*
.......#......# * .. ,
.......##.....# *# ~
,?........†....#
......!@......### * ,
.............†'.## #
.S[...........#..# ###
.######.......##.#####..
#.......##...##$..
#.......####..(... *
#.......# ####### *
#.......# #.......#


You could see a ball python.

Vanquished Creatures
  A bat (D:1)
  A quokka (D:1)
  A ball python (D:1)
  A kobold (D:1)
  A rat (D:1)
5 creatures vanquished.

Notes
Turn   | Place    | Note
-------+----------+-------------------------------------------
     0 | D:1      | sentinel the Meteoran Earth Elementalist began the quest
                  | for the Orb.
     0 | D:1      | Reached XP level 1. HP: 14/14 MP: 5/5
    77 | D:1      | Reached skill level 4 in Earth Magic
    81 | D:1      | Reached XP level 2. HP: 7/20 MP: 0/6
    86 | D:1      | Quit the game

Illustrated notes

Levels and vault maps discovered:
D:1:      dpeg_arrival_arbitrary_a, layout_basic,
          ebering_ecumenical_altar_abandoned, corexii_item_surrounded_by_moat

Skill      XL: |  1 |
---------------+----+-----
Earth Magic    | 4 |  4.1
Dodging        | |  2.4
Stealth        | |  1.4
Spellcasting   | |  2.6
Transmutations | |  1.2

Action                   || total
-------------------------++-------
Melee: Unarmed           ||     5
 Cast: Sandblast         ||     8
Armor: Robe              ||     3
Dodge: Dodged            ||     6
